Map: Acid Plant LE

Players

Harstem

  • Race: Protoss Protoss
  • Spawn Location: 11:00

Trap - Winner!

  • Race: Protoss Protoss
  • Spawn Location: 5:00

Event: IEM Season 12 - Katowice

VOD

Have the link to the VOD?

Description

Time

  • Played on: Feb. 27, 2018, 11:50 a.m.
  • Length: 16:36

All games in this series

Show
View Real Time Build Order
Export as new Build Order

Harstem Protoss 

Build Orders: Oracle Opening 

Get SALT Encoding   

  12  0:00  Probe  
  13  0:12  Probe  
  14  0:19  Pylon  
  14  0:25  Probe (Chrono Boost)  
  15  0:38  Probe (Chrono Boost)  
  15  0:39  Gateway  
  16  0:46  Probe (Chrono Boost)  
  16  0:47  Assimilator  
  17  0:52  Probe (Chrono Boost)  
  17  0:55  Assimilator  
  19  1:04  Probe (Chrono Boost)  
  19  1:09  Gateway  
  19  1:11  Probe (Chrono Boost)  
  20  1:18  Probe  
  21  1:25  Cybernetics Core  
  21  1:30  Probe  
  22  1:35  Pylon  
  22  1:42  Probe  
  23  1:56  Probe  
  24  2:01  Stalker  
  24  2:02  Warp Gate (Chrono Boost), Stalker  
  28  2:17  Pylon  
  28  2:20  Stargate  
  28  2:31  Pylon  
  28  2:34  Adept  
  30  2:39  Adept  
  31  2:59  Nexus  
  31  3:03  Oracle (Chrono Boost)  
  31  3:12  Probe  
  35  3:22  Shield Battery  
  35  3:37  Oracle  
  35  3:41  Pylon  
  36  3:46  Probe  
  36  3:48  Shield Battery  
  37  3:53  Shield Battery  
  37  4:01  Stalker  
  39  4:06  Pylon  
  39  4:11  Sentry  
  39  4:14  Probe  
  33  4:26  Probe  
  34  4:31  Stalker  
  34  4:38  Probe  
  37  4:45  Adept  
  39  4:53  Pylon  
  39  4:59  Robotics Facility  
  39  5:10  Pylon  
  39  5:12  Probe  
  40  5:24  Probe (Chrono Boost)  
  41  5:31  Sentry  
  41  5:35  Adept, Probe (Chrono Boost)  
  46  5:40  Probe (Chrono Boost)  
  47  5:45  Immortal (Chrono Boost)  
  51  5:54  Adept  
  51  5:55  Probe  
  54  6:10  Pylon  
  54  6:15  Warp Prism (Chrono Boost)  
  55  6:40  Pylon  
  55  6:44  Immortal  
  59  7:07  Nexus  
  59  7:12  Pylon  
  59  7:17  Probe  
  60  7:23  Observer  
  60  7:29  Probe  
  62  7:35  Shield Battery  
  62  7:41  Probe (Chrono Boost)  
  63  7:45  Pylon  
  63  7:52  Probe (Chrono Boost)  
  64  8:05  Probe  
  67  8:08  Twilight Council  
  63  8:16  Immortal  
  63  8:17  Probe (Chrono Boost)  
  68  8:21  Probe (Chrono Boost)  
  70  8:29  Probe (Chrono Boost)  
  70  8:31  Probe (Chrono Boost)  
  71  8:34  Probe (Chrono Boost)  
  71  8:36  Probe (Chrono Boost)  
  73  8:44  Probe  
  73  8:46  Blink  
  74  8:49  Probe  
  74  8:50  Robotics Bay  
  75  8:56  Probe  
  75  9:01  Probe  
  77  9:08  Robotics Facility  
  77  9:09  Stalker  
  79  9:10  Probe  
  79  9:13  Probe  
  81  9:22  Probe  
  82  9:25  Probe  
  82  9:30  Nexus  
  83  9:34  Disruptor (Chrono Boost)  
  83  9:35  Probe  
  87  9:41  Assimilator  
  88  9:45  Probe  
  88  9:48  Assimilator  
  88  9:52  Probe  
  87  9:57  Probe  
  87  9:58  Disruptor (Chrono Boost)  
  86  10:04  Probe  
  86  10:05  Forge  
  93  10:14  Disruptor (Chrono Boost)  
  93  10:15  Pylon  
  93  10:18  Probe  
  93  10:20  Probe  
  95  10:28  Pylon  
  95  10:29  Gateway  
  95  10:34  Disruptor (Chrono Boost)  
  95  10:35  Protoss Ground Weapons Level 1 (Chrono Boost)  
  98  10:46  Disruptor (Chrono Boost)  
  98  10:48  Stalker  
  100  10:57  Stalker  
  100  10:59  Probe  
  100  11:00  Probe  
  104  11:04  Disruptor  
  107  11:14  Stalker  
  109  11:18  Probe  
  109  11:19  Probe  
  109  11:21  Probe, Assimilator  
  109  11:22  Charge  
  109  11:24  Pylon, Gateway  
  112  11:30  Probe  
  113  11:33  Probe x2  
  113  11:36  Assimilator  
  113  11:40  Disruptor, Gateway  
  113  11:44  Oracle (Chrono Boost)  
  113  11:50  Probe, Stalker  
  113  11:51  Probe  
  120  11:56  Probe  
  120  12:00  Photon Cannon  
  121  12:03  Stalker x2  
  125  12:11  Disruptor  
  126  12:17  Photon Cannon  
  126  12:22  Gateway  
  126  12:23  Stalker  
  126  12:26  Disruptor  
  126  12:29  Protoss Ground Weapons Level 2  
  131  12:30  Pylon  
  131  12:36  Stalker x2  
  133  12:42  Zealot  
  133  12:43  Stalker  
  137  12:50  Disruptor  
  140  12:58  Stalker  
  142  13:09  Nexus  
  142  13:10  Zealot x2  
  142  13:11  Zealot  
  148  13:14  Pylon  
  148  13:15  Pylon  
  148  13:17  Pylon  
  146  13:20  Zealot  
  146  13:25  Pylon  
  148  13:32  Stalker x2  
  148  13:33  Disruptor (Chrono Boost), Stalker  
  157  13:39  Disruptor (Chrono Boost)  
  160  13:50  Photon Cannon  
  160  13:52  Zealot x2  
  164  13:56  Zealot x3  
  170  14:14  Observer (Chrono Boost)  
  170  14:15  Zealot x2  
  170  14:26  Photon Cannon  
  168  14:31  Phoenix (Chrono Boost)  
  168  14:36  Probe x2  
  172  14:38  Zealot x5  
  172  14:41  Pylon  
  182  14:46  Photon Cannon  
  160  15:28  Nexus  
  160  15:33  Zealot x3  
  166  15:37  Nexus, Photon Cannon  
  166  15:40  Photon Cannon  
  162  15:52  Probe  
  162  15:58  Observer (Chrono Boost)  
  162  15:59  Observer (Chrono Boost)  
  113  16:19  Zealot x6  
Show
View Real Time Build Order
Export as new Build Order

Trap Protoss - Winner!

Build Orders:  

Get SALT Encoding   

  12  0:00  Probe  
  13  0:12  Probe  
  14  0:17  Pylon  
  14  0:25  Probe (Chrono Boost)  
  15  0:37  Probe (Chrono Boost), Gateway  
  16  0:45  Probe (Chrono Boost)  
  17  0:51  Probe (Chrono Boost)  
  17  0:54  Assimilator  
  18  0:58  Assimilator  
  18  1:03  Probe (Chrono Boost)  
  19  1:11  Probe (Chrono Boost), Gateway  
  20  1:17  Probe  
  20  1:24  Cybernetics Core  
  21  1:29  Probe  
  22  1:34  Pylon  
  22  1:41  Probe  
  23  1:53  Probe  
  24  1:55  Warp Gate (Chrono Boost)  
  24  1:59  Stalker  
  24  2:00  Stalker  
  28  2:12  Pylon  
  28  2:24  Pylon  
  28  2:25  Pylon  
  28  2:30  Stalker  
  28  2:31  Stalker  
  32  2:46  Gateway  
  32  2:47  Gateway  
  32  3:00  Stalker  
  32  3:01  Stalker  
  36  3:14  Shield Battery  
  36  3:22  Pylon  
  36  3:47  Stalker x3  
  36  3:48  Stalker  
  44  3:57  Pylon  
  44  4:15  Stalker  
  44  4:16  Stalker  
  46  4:22  Stalker  
  42  4:27  Stalker  
  38  4:32  Probe  
  36  4:42  Adept  
  36  4:44  Probe  
  39  4:47  Sentry  
  41  4:57  Stalker  
  43  5:01  Probe  
  44  5:11  Stalker  
  46  5:14  Probe  
  47  5:28  Twilight Council  
  47  5:30  Probe  
  47  5:34  Sentry  
  49  5:52  Stalker x2  
  53  6:00  Pylon  
  53  6:05  Blink (Chrono Boost)  
  53  6:34  Nexus  
  53  6:46  Probe  
  54  6:50  Sentry x2  
  58  6:55  Stalker  
  60  7:04  Pylon  
  60  7:05  Probe  
  61  7:15  Pylon  
  61  7:33  Probe  
  62  7:45  Probe  
  62  7:47  Robotics Facility  
  63  7:53  Probe (Chrono Boost)  
  63  7:57  Probe (Chrono Boost)  
  65  8:05  Probe (Chrono Boost)  
  67  8:06  Probe (Chrono Boost)  
  67  8:09  Probe (Chrono Boost)  
  67  8:11  Probe (Chrono Boost)  
  68  8:15  Assimilator  
  69  8:20  Probe (Chrono Boost), Assimilator  
  69  8:26  Probe (Chrono Boost)  
  71  8:32  Probe (Chrono Boost)  
  72  8:34  Pylon  
  72  8:40  Probe x2 (Chrono Boost), Robotics Bay  
  70  8:42  Robotics Facility  
  70  8:48  Probe  
  71  8:50  Probe  
  71  8:51  Observer  
  71  8:54  Shield Battery  
  73  8:59  Stalker x2  
  73  9:00  Probe  
  78  9:09  Pylon  
  78  9:18  Pylon  
  78  9:24  Disruptor (Chrono Boost)  
  78  9:26  Disruptor (Chrono Boost)  
  83  9:52  Disruptor (Chrono Boost)  
  83  9:54  Nexus  
  89  10:00  Disruptor (Chrono Boost)  
  89  10:08  Stalker x3  
  89  10:10  Stalker  
  97  10:15  Pylon  
  97  10:21  Disruptor (Chrono Boost)  
  97  10:26  Pylon  
  103  10:40  Disruptor (Chrono Boost)  
  103  10:47  Probe x2  
  105  10:50  Pylon  
  105  10:53  Forge  
  105  10:59  Probe x2  
  105  11:00  Stalker x2  
  111  11:05  Disruptor  
  109  11:19  Disruptor  
  112  11:26  Protoss Ground Weapons Level 1 (Chrono Boost)  
  112  11:35  Gateway  
  112  11:37  Gateway  
  112  11:40  Disruptor  
  115  11:52  Probe (Chrono Boost), Dark Shrine  
  115  11:53  Probe x2 (Chrono Boost)  
  118  11:56  Disruptor (Chrono Boost)  
  118  11:59  Assimilator  
  118  12:00  Pylon  
  121  12:01  Assimilator  
  121  12:04  Probe (Chrono Boost)  
  124  12:10  Probe x2 (Chrono Boost)  
  124  12:12  Probe (Chrono Boost)  
  125  12:16  Probe x2  
  125  12:19  Probe, Warp Prism (Chrono Boost)  
  130  12:28  Probe x2  
  130  12:29  Observer (Chrono Boost), Observer Gravitic Boosters  
  133  12:34  Pylon  
  133  12:36  Stalker x3  
  139  12:45  Pylon  
  139  12:48  Pylon  
  139  12:50  Disruptor  
  139  12:51  Disruptor  
  140  12:55  Probe x3  
  143  12:59  Protoss Ground Weapons Level 2 (Chrono Boost)  
  143  13:10  Photon Cannon  
  143  13:19  Dark Templar  
  145  13:20  Dark Templar x2  
  145  13:25  Dark Templar  
  151  13:30  Nexus  
  151  13:31  Dark Templar  
  148  13:54  Zealot x4  
  156  13:59  Charge  
  156  14:01  Gateway  
  156  14:03  Gateway  
  156  14:14  Gateway  
  156  14:16  Gateway  
  156  14:19  Templar Archives  
  152  14:26  Dark Templar x3  
  152  14:27  Zealot x2, Dark Templar  
  152  14:30  Disruptor  
  150  14:37  Stargate, Warp Prism  
  150  14:38  Stargate  
  149  14:51  Dark Templar x4  
  154  15:14  Disruptor  
  154  15:15  Disruptor  
  157  15:24  Zealot x5  
  157  15:25  Zealot  
  157  15:27  Fleet Beacon  
  169  15:41  Dark Templar x2  
  170  15:48  Zealot x2  
  143  16:23  Zealot x2  
  143  16:24  Zealot  

Tags
 
Add a new tag
Caveats
  • Supply blocks, unpowered buildings, or Contaminate may cause inaccurate times.
  • Supply counts are checked every 10 seconds.